Admirals vs Condors
Created - November 19, 2025 at 20:06
Goals
|
| Admirals |
0 |
1 |
1 |
2 |
| Condors |
1 |
1 |
4 |
6 |
|
Shots
|
| Admirals |
19 |
8 |
12 |
39 |
| Condors |
7 |
16 |
16 |
39 |
|
1st period
1. Condors , Remi Elie 1 (Pontus Holmberg 4, Colin White 3) at 18:30
Penalties :
Tobias Bjornfot (Mil) for High sticking (Minor) at 5:32, Evan Bouchard (Bak) for Tripping (Minor) at 16:09
2nd period
2. Condors , Tyson Foerster 1 (Connor Hurley 1, Gustav Olofsson 4) at 8:56
3. Admirals , Tobias Bjornfot 2 (Kasper Bjorkqvist 3, Josh Wesley 3) at 15:38
Penalties :
Tobias Bjornfot (Mil) for Tripping (Minor) at 6:20, Martin Frk (Bak) for Delaying the game (Minor) at 11:14, Klim Kostin (Bak) for Slashing (Minor) at 17:38
3rd period
4. Condors , Martin Frk 10 (Nick Shore 9) at 3:34
5. Condors , Cody Glass 3 (Alexander Alexeyev 5) at 6:06
6. Admirals , Ty Smilanic 1 (Sean Durzi 3, Gage Goncalves 1) at 9:44
7. Condors , Nick Shore 7 (Martin Frk 7, Filip Kral 1) at 16:58
8. Condors , Martin Frk 11 (Nick Shore 10) at 18:45
Penalties :
Evan Bouchard (Bak) for Hooking (Minor) at 7:06
Goalie Stats
Tristan Jarry (Mil), 33 saves from 39 shots - (0.846), L, 2-3-1, 60:00 minutes
Jaxson Stauber (Bak), 37 saves from 39 shots - (0.949), W, 2-0-0, 60:00 minutes
Players Stats for Admirals
Player Name G A P +/- PIM S H SB GA TA FO MP PP MP PK MP
------------------------------------------------------------------------------------
0 0 0 0 0 0 0 0 0 0 0/0 0:00 0:00 0:00
0 0 0 0 0 0 0 0 0 0 0/0 0:00 0:00 0:00
0 0 0 0 0 0 0 0 0 0 0/0 0:00 0:00 0:00
0 0 0 0 0 0 0 0 0 0 0/0 0:00 0:00 0:00
0 0 0 0 0 0 0 0 0 0 0/0 0:00 0:00 0:00
Dylan Peterson 0 0 0 1 0 1 1 0 0 0 0/0 6:15 0:00 0:00
Filip Chlapik 0 0 0 -3 0 0 2 0 0 0 0/4 11:27 0:00 0:00
Gage Goncalves 0 1 1 1 0 1 0 0 0 0 1/2 6:15 0:00 0:00
Hunter Shinkaruk 0 0 0 -1 0 0 4 0 1 0 1/3 22:59 4:12 2:03
Ian Mitchell 0 0 0 1 0 6 1 2 0 0 0/0 20:44 3:29 1:34
Jack Quinn 0 0 0 -3 0 0 1 0 0 0 0/0 12:38 0:01 0:40
Joel Armia 0 0 0 -1 0 6 0 1 0 2 1/3 22:59 4:12 2:03
Josh Norris 0 0 0 -1 0 3 0 1 2 0 6/14 16:53 3:43 0:00
Josh Wesley 0 1 1 -2 0 0 0 0 0 0 0/0 10:21 0:00 0:00
Kasper Bjorkqvist 0 1 1 -1 0 3 2 1 0 0 1/1 18:08 3:43 1:15
Lucas Wallmark 0 0 0 -1 0 2 1 0 0 0 14/39 22:10 4:12 1:15
Mark Kastelic 0 0 0 0 0 0 0 0 0 0 0/1 0:31 0:01 0:00
Matt Kessel 0 0 0 -1 0 0 0 0 0 0 0/0 3:12 0:00 0:00
Milos Kelemen 0 0 0 -3 0 1 2 1 1 0 0/0 11:58 0:01 0:00
Olli Juolevi 0 0 0 -3 0 2 2 2 1 2 0/0 28:45 4:27 2:24
Pavol Regenda 0 0 0 -1 0 1 0 0 1 0 0/0 16:53 3:43 0:00
Reilly Walsh 0 0 0 -2 0 2 2 1 1 2 0/0 25:43 4:27 2:24
Sean Durzi 0 1 1 1 0 7 0 1 0 0 0/0 20:54 3:29 1:34
Tobias Bjornfot 1 0 1 -2 4 2 0 1 0 0 0/0 10:20 0:00 0:00
Ty Smilanic 1 0 1 1 0 2 0 2 0 1 0/0 6:55 0:00 0:40
Players Stats for Condors
Player Name G A P +/- PIM S H SB GA TA FO MP PP MP PK MP
------------------------------------------------------------------------------------
0 0 0 0 0 0 0 0 0 0 0/0 0:00 0:00 0:00
0 0 0 0 0 0 0 0 0 0 0/0 0:00 0:00 0:00
0 0 0 0 0 0 0 0 0 0 0/0 0:00 0:00 0:00
0 0 0 0 0 0 0 0 0 0 0/0 0:00 0:00 0:00
0 0 0 0 0 0 0 0 0 0 0/0 0:00 0:00 0:00
Alexander Alexeyev 0 1 1 1 0 2 2 2 0 0 0/0 24:35 2:53 4:28
Cody Glass 1 0 1 0 0 4 2 0 1 0 0/1 14:29 1:34 0:00
Colin White 0 1 1 0 0 0 0 0 0 0 5/7 11:58 0:00 0:01
Connor Hurley 0 1 1 1 0 1 0 1 1 1 1/1 5:39 0:00 0:00
Dylan Holloway 0 0 0 1 0 3 1 0 0 0 0/0 8:46 0:04 2:20
Evan Bouchard 0 0 0 0 4 2 0 2 0 3 0/0 25:16 2:53 2:11
Filip Kral 0 1 1 2 0 0 0 1 0 0 0/0 11:40 0:00 1:06
Gustav Olofsson 0 1 1 2 0 2 2 0 0 0 0/0 22:12 1:05 3:28
Jeremy Gregoire 0 0 0 0 0 0 0 0 0 0 0/0 0:00 0:00 0:00
Jordan Spence 0 0 0 2 0 2 0 0 1 1 0/0 21:37 1:05 3:24
Jordan Subban 0 0 0 2 0 0 0 1 0 0 0/0 12:20 0:00 1:15
Klim Kostin 0 0 0 3 2 1 5 0 0 0 0/0 22:52 2:20 3:05
Martin Frk 2 1 3 3 2 6 0 0 2 0 3/5 19:39 2:20 0:00
Nick Shore 1 2 3 3 0 4 0 4 2 1 19/35 24:06 2:20 4:28
Nikolai Knyzhov 0 0 0 -1 0 0 0 0 0 0 0/0 2:39 0:00 0:00
Pontus Holmberg 0 1 1 0 0 1 1 1 0 1 0/1 11:47 0:04 0:00
Remi Elie 1 0 1 0 0 2 0 0 0 0 0/0 11:49 0:00 0:05
Ryan McLeod 0 0 0 0 0 1 1 0 0 0 13/15 17:11 1:34 2:47
Taro Hirose 0 0 0 0 0 6 0 1 0 0 2/2 17:20 1:34 3:06
Tyson Foerster 1 0 1 1 0 2 0 0 0 0 0/0 6:05 0:04 0:00
3 Stars
1 - Nick Shore (Bak)
2 - Martin Frk (Bak)
3 - Jaxson Stauber (Bak)
Power Play
Admirals - 0 on 4 Attempt(s) - 0.00%
Condors - 0 on 2 Attempt(s) - 0.00%
Penalty Kill
Admirals - 2 on 2 Attempt(s) - 100.00%
- Score 0 goal in Penalty Kill
Condors - 4 on 4 Attempt(s) - 100.00%
- Score 0 goal in Penalty Kill
Team Stat
Admirals - Hits : 18 - Faceoff Wins : 24 - Blocked Shots : 13 - Penalty Minutes : 4
Condors - Hits : 14 - Faceoff Wins : 43 - Blocked Shots : 13 - Penalty Minutes : 8
Official
Referees : Brian Pochmara and Dan O'Rourke
Linesman : Ryan Daisy and Tyson Baker
Game Notes
No Game Note
Finance
Level 1 -- Attendance: 1723 (86.15%) -- Ticket Income $120,610
Level 2 -- Attendance: 899 (89.90%) -- Ticket Income $35,960
Total Attendance: 2622 (87.40%)
Total Ticket Income: $156,570
Other Income: $7,828
Total Income: $164,398
Admirals
5 vs 5 Forward
Center Left Wing Right Wing Time % Phy DF OF
1 Lucas Wallmark Hunter Shinkaruk Joel Armia 40 1 2 2
2 Josh Norris Pavol Regenda Kasper Bjorkqvist 30 1 2 2
3 Filip Chlapik Milos Kelemen Jack Quinn 20 1 2 2
4 Gage Goncalves Ty Smilanic Dylan Peterson 10 1 2 2
5 vs 5 Defense
Defense Defense Time % Phy DF OF
1 Olli Juolevi Reilly Walsh 40 1 2 2
2 Ian Mitchell Sean Durzi 30 1 2 2
3 Josh Wesley Tobias Bjornfot 20 1 2 2
4 Matt Kessel Olli Juolevi 10 1 2 2
PowerPlay Forward
Center Left Wing Right Wing Time % Phy DF OF
1 Lucas Wallmark Hunter Shinkaruk Joel Armia 60 1 2 2
2 Josh Norris Pavol Regenda Kasper Bjorkqvist 40 1 2 2
PowerPlay Defense
Defense Defense Time % Phy DF OF
1 Olli Juolevi Reilly Walsh 60 1 2 2
2 Ian Mitchell Sean Durzi 40 1 2 2
Penalty Kill 4 Players Forward
Center Wing Time % Phy DF OF
1 Joel Armia Hunter Shinkaruk 60 1 2 2
2 Kasper Bjorkqvist Lucas Wallmark 40 1 2 2
Penalty Kill 4 Players Defense
Defense Defense Time % Phy DF OF
1 Olli Juolevi Reilly Walsh 60 1 2 2
2 Ian Mitchell Sean Durzi 40 1 2 2
Penalty Kill - 3 Players Forward
Forward Time % Phy DF OF
1 Joel Armia 60 1 2 2
2 Hunter Shinkaruk 40 1 2 2
Penalty Kill - 3 Players Defense
Defense Defense Time % Phy DF OF
1 Olli Juolevi Reilly Walsh 60 1 2 2
2 Ian Mitchell Sean Durzi 40 1 2 2
4 vs 4 Forward
Center Wing Time % Phy DF OF
1 Joel Armia Hunter Shinkaruk 60 1 2 2
2 Kasper Bjorkqvist Lucas Wallmark 40 1 2 2
4 vs 4 Defense
Defense Defense Time % Phy DF OF
1 Olli Juolevi Reilly Walsh 60 1 2 2
2 Ian Mitchell Sean Durzi 40 1 2 2
Last Minutes Offensive
Center Left Wing Right Wing Defense Defense
Lucas Wallmark Hunter Shinkaruk Joel Armia Olli Juolevi Reilly Walsh
Last Minutes Defensive
Center Left Wing Right Wing Defense Defense
Lucas Wallmark Hunter Shinkaruk Joel Armia Olli Juolevi Reilly Walsh
Goaltenders
Starting : Tristan Jarry
Backup : Zachary Emond
Extra Forwards
Normal : Mark Kastelic, Milos Kelemen, Jack Quinn - PP : Mark Kastelic, Milos Kelemen - PK : Jack Quinn
Extra Defensemen
Normal : Josh Wesley, Tobias Bjornfot, Matt Kessel - PP : Josh Wesley - PK : Tobias Bjornfot, Matt Kessel
Penalty Shots
Joel Armia, Hunter Shinkaruk, Kasper Bjorkqvist, Lucas Wallmark, Josh Norris
Custom OT Lines Forwards
Joel Armia, Hunter Shinkaruk, Kasper Bjorkqvist, Lucas Wallmark, Josh Norris, Pavol Regenda, Milos Kelemen, Jack Quinn, Filip Chlapik, Gage Goncalves
Custom OT Lines Defensemen
Olli Juolevi, Reilly Walsh, Ian Mitchell, Sean Durzi, Josh Wesley
Scratches
Bokondji Imama (Healthy), Carl Dahlstrom (Concussion Injury), Brandon Coe (Healthy), Ruslan Iskhakov (Healthy), Maxim Groshev (Healthy)
Theo Rochette (Healthy), Nolan Vesey (Upper Body Injury), Grant Hutton (Healthy), Sergei Zborovskiy (Healthy), Carsen Twarynski (Healthy)
Libor Hajek (Healthy), Henry Thrun (Healthy), Patrick Moynihan (Healthy), Jack Malone (Healthy), Alexis Gravel (Healthy)
Condors
5 vs 5 Forward
Center Left Wing Right Wing Time % Phy DF OF
1 Nick Shore Klim Kostin Martin Frk 40 1 2 2
2 Ryan McLeod Taro Hirose Cody Glass 30 1 2 2
3 Colin White Remi Elie Pontus Holmberg 20 1 2 2
4 Connor Hurley Dylan Holloway Tyson Foerster 10 1 2 2
5 vs 5 Defense
Defense Defense Time % Phy DF OF
1 Evan Bouchard Alexander Alexeyev 40 1 2 2
2 Gustav Olofsson Jordan Spence 30 1 2 2
3 Jordan Subban Filip Kral 20 1 2 2
4 Nikolai Knyzhov Evan Bouchard 10 1 2 2
PowerPlay Forward
Center Left Wing Right Wing Time % Phy DF OF
1 Nick Shore Klim Kostin Martin Frk 60 1 2 2
2 Ryan McLeod Taro Hirose Cody Glass 40 1 2 2
PowerPlay Defense
Defense Defense Time % Phy DF OF
1 Evan Bouchard Alexander Alexeyev 60 1 2 2
2 Gustav Olofsson Jordan Spence 40 1 2 2
Penalty Kill 4 Players Forward
Center Wing Time % Phy DF OF
1 Nick Shore Klim Kostin 60 1 2 2
2 Ryan McLeod Taro Hirose 40 1 2 2
Penalty Kill 4 Players Defense
Defense Defense Time % Phy DF OF
1 Evan Bouchard Alexander Alexeyev 60 1 2 2
2 Gustav Olofsson Jordan Spence 40 1 2 2
Penalty Kill - 3 Players Forward
Forward Time % Phy DF OF
1 Nick Shore 60 1 2 2
2 Ryan McLeod 40 1 2 2
Penalty Kill - 3 Players Defense
Defense Defense Time % Phy DF OF
1 Evan Bouchard Alexander Alexeyev 60 1 2 2
2 Gustav Olofsson Jordan Spence 40 1 2 2
4 vs 4 Forward
Center Wing Time % Phy DF OF
1 Nick Shore Klim Kostin 60 1 2 2
2 Ryan McLeod Taro Hirose 40 1 2 2
4 vs 4 Defense
Defense Defense Time % Phy DF OF
1 Evan Bouchard Alexander Alexeyev 60 1 2 2
2 Gustav Olofsson Jordan Spence 40 1 2 2
Last Minutes Offensive
Center Left Wing Right Wing Defense Defense
Nick Shore Klim Kostin Martin Frk Evan Bouchard Alexander Alexeyev
Last Minutes Defensive
Center Left Wing Right Wing Defense Defense
Nick Shore Klim Kostin Martin Frk Evan Bouchard Alexander Alexeyev
Goaltenders
Starting : Jaxson Stauber
Backup : Stuart Skinner
Extra Forwards
Normal : Taro Hirose, Pontus Holmberg, Ryan McLeod - PP : Taro Hirose, Pontus Holmberg - PK : Taro Hirose
Extra Defensemen
Normal : Jordan Subban, Filip Kral, Nikolai Knyzhov - PP : Jordan Subban - PK : Jordan Subban, Filip Kral
Penalty Shots
Martin Frk, Nick Shore, Klim Kostin, Cody Glass, Taro Hirose
Custom OT Lines Forwards
Martin Frk, Nick Shore, Klim Kostin, Cody Glass, Taro Hirose, Pontus Holmberg, Ryan McLeod, Colin White, Connor Hurley, Remi Elie
Custom OT Lines Defensemen
Evan Bouchard, Alexander Alexeyev, Gustav Olofsson, Jordan Spence, Jordan Subban
Scratches
Cole Cassels (Healthy), Semyon Der-Arguchintsev (Healthy), Jan Mysak (Healthy), Ronan Seeley (Healthy), Roni Hirvonen (Healthy)
Roby Jarventie (Healthy), Michael Anderson (Broken Nose Injury), Robin Salo (Healthy), Brayden Pachal (Healthy), Filip Johansson (Healthy)
Jonny Tychonick (Healthy), Lucas Johansen (Healthy), Cole Fonstad (Healthy), Jack Perbix (Healthy), Connor McMichael (Right Knee Injury)
Raphael Lavoie (Healthy), Filip Cederqvist (Healthy), Michael Dipietro (Healthy)
% Time on Ice - Admirals
Lines # - Real PCT - Wanted PCT - Time Play
Normal Forward
1 - 36% - 40% - 17:14
2 - 27% - 30% - 13:10
3 - 24% - 20% - 11:27
4 - 13% - 10% - 6:15
Normal Defense
1 - 39% - 40% - 18:52
2 - 33% - 30% - 15:41
3 - 22% - 20% - 10:21
4 - 7% - 10% - 3:12
PP Forward
1 - 53% - 60% - 4:13
2 - 47% - 40% - 3:43
PP Defense
1 - 56% - 60% - 4:27
2 - 44% - 40% - 3:29
PK Forward
1 - 68% - 60% - 2:43
2 - 32% - 40% - 1:15
PK Defense
1 - 61% - 60% - 2:24
2 - 39% - 40% - 1:34
PK3 Forward
1 - 0% - 60%
2 - 0% - 40%
PK3 Defense
1 - 0% - 60%
2 - 0% - 40%
44 Forward
1 - 0% - 60%
2 - 0% - 40%
44 Defense
1 - 0% - 60%
2 - 0% - 40%
Last Minute Offensive - 0:00
Last Minute Defensive - 0:00
Total
Forward - 60:00
Defense - 60:00
|
% Time on Ice - Condors
Lines # - Real PCT - Wanted PCT - Time Play
Normal Forward
1 - 38% - 40% - 18:11
2 - 26% - 30% - 12:40
3 - 24% - 20% - 11:36
4 - 12% - 10% - 5:39
Normal Defense
1 - 37% - 40% - 17:45
2 - 36% - 30% - 17:08
3 - 22% - 20% - 10:34
4 - 6% - 10% - 2:39
PP Forward
1 - 61% - 60% - 2:24
2 - 39% - 40% - 1:34
PP Defense
1 - 73% - 60% - 2:53
2 - 27% - 40% - 1:05
PK Forward
1 - 84% - 60% - 6:41
2 - 16% - 40% - 1:15
PK Defense
1 - 57% - 60% - 4:32
2 - 43% - 40% - 3:24
PK3 Forward
1 - 0% - 60%
2 - 0% - 40%
PK3 Defense
1 - 0% - 60%
2 - 0% - 40%
44 Forward
1 - 0% - 60%
2 - 0% - 40%
44 Defense
1 - 0% - 60%
2 - 0% - 40%
Last Minute Offensive - 0:00
Last Minute Defensive - 0:00
Total
Forward - 60:00
Defense - 60:00
|
Play-by-Play
1st period
0:01 of 1st period - Lucas Wallmark wins face-off versus Nick Shore in neutral zone.
1:14 of 1st period - Slapshot by Ian Mitchell.
1:14 of 1st period - Stopped by Jaxson Stauber with a rebound.
1:16 of 1st period - Slapshot by Sean Durzi.
1:16 of 1st period - Deflect By Jordan Spence.
1:16 of 1st period - Stopped by Jaxson Stauber with a rebound.
1:18 of 1st period - Slapshot by Sean Durzi.
1:18 of 1st period - Shot Blocked by Connor Hurley.
1:20 of 1st period - Wrist shot by Dylan Peterson.
1:20 of 1st period - Stopped by Jaxson Stauber with a rebound.
2:00 of 1st period - Snap shot by Taro Hirose.
2:00 of 1st period - Stopped by Tristan Jarry with a rebound.
2:09 of 1st period - Icing by Josh Wesley.
2:10 of 1st period - Josh Norris wins face-off versus Colin White in Admirals zone.
3:19 of 1st period - Wrist shot by Gage Goncalves.
3:19 of 1st period - Stopped by Jaxson Stauber with a rebound.
3:21 of 1st period - Slapshot by Ty Smilanic.
3:21 of 1st period - Stopped by Jaxson Stauber with a rebound.
3:23 of 1st period - Slapshot by Olli Juolevi.
3:23 of 1st period - Stopped by Jaxson Stauber without a rebound.
3:24 of 1st period - Lucas Wallmark wins face-off versus Nick Shore in Condors zone.
3:27 of 1st period - Wrist shot by Joel Armia.
3:27 of 1st period - Stopped by Jaxson Stauber without a rebound.
3:28 of 1st period - Nick Shore wins face-off versus Lucas Wallmark in Condors zone.
3:28 of 1st period - Nick Shore is hit by Ian Mitchell.
3:42 of 1st period - Slapshot by Martin Frk.
3:42 of 1st period - Stopped by Tristan Jarry with a rebound.
3:44 of 1st period - Slapshot by Evan Bouchard.
3:44 of 1st period - Deflect By Sean Durzi.
3:44 of 1st period - Stopped by Tristan Jarry with a rebound.
4:00 of 1st period - Slapshot by Ian Mitchell.
4:00 of 1st period - Stopped by Jaxson Stauber with a rebound.
5:21 of 1st period - Off-side.
5:22 of 1st period - Taro Hirose wins face-off versus Josh Norris in neutral zone.
5:29 of 1st period - Backhand shot by Taro Hirose.
5:29 of 1st period - Stopped by Tristan Jarry without a rebound.
5:30 of 1st period - Lucas Wallmark wins face-off versus Nick Shore in Admirals zone.
5:32 of 1st period - Minor Penalty to Tobias Bjornfot for High sticking.
5:33 of 1st period - Joel Armia wins face-off versus Nick Shore in Admirals zone.
6:47 of 1st period - Klim Kostin is hit by Kasper Bjorkqvist and loses puck.
7:32 of 1st period - Penalty to Tobias Bjornfot is over, Tobias Bjornfot is back on ice.
8:53 of 1st period - Josh Wesley is hit by Cody Glass.
9:30 of 1st period - Martin Frk is hit by Olli Juolevi and loses puck.
9:43 of 1st period - Joel Armia is hit by Dylan Holloway.
9:52 of 1st period - Tyson Foerster is hit by Hunter Shinkaruk and loses puck.
10:31 of 1st period - Pontus Holmberg is hit by Filip Chlapik and loses puck.
10:48 of 1st period - Cody Glass is hit by Dylan Peterson and loses puck.
10:57 of 1st period - Slapshot by Ian Mitchell.
10:57 of 1st period - Stopped by Jaxson Stauber without a rebound.
10:58 of 1st period - Nick Shore wins face-off versus Lucas Wallmark in Condors zone.
12:18 of 1st period - Wrist shot by Milos Kelemen.
12:18 of 1st period - Shot Misses the Net.
12:30 of 1st period - Backhand shot by Joel Armia.
12:30 of 1st period - Stopped by Jaxson Stauber without a rebound.
12:31 of 1st period - Nick Shore wins face-off versus Lucas Wallmark in Condors zone.
13:14 of 1st period - Evan Bouchard is hit by Reilly Walsh.
13:26 of 1st period - Slapshot by Alexander Alexeyev.
13:26 of 1st period - Stopped by Tristan Jarry without a rebound.
13:27 of 1st period - Josh Norris wins face-off versus Martin Frk in Admirals zone.
13:32 of 1st period - Wrist shot by Josh Norris.
13:32 of 1st period - Stopped by Jaxson Stauber with a rebound.
13:34 of 1st period - Slapshot by Tobias Bjornfot.
13:34 of 1st period - Deflect By Josh Norris.
13:34 of 1st period - Stopped by Jaxson Stauber without a rebound.
13:35 of 1st period - Josh Norris wins face-off versus Nick Shore in Condors zone.
13:36 of 1st period - Wrist shot by Kasper Bjorkqvist.
13:36 of 1st period - Stopped by Jaxson Stauber with a rebound.
13:38 of 1st period - Slapshot by Josh Wesley.
13:38 of 1st period - Shot Blocked by Nick Shore.
13:40 of 1st period - Slapshot by Kasper Bjorkqvist.
13:40 of 1st period - Stopped by Jaxson Stauber with a rebound.
14:00 of 1st period - Slapshot by Josh Norris.
14:00 of 1st period - Stopped by Jaxson Stauber without a rebound.
14:01 of 1st period - Taro Hirose wins face-off versus Lucas Wallmark in Condors zone.
14:10 of 1st period - Snap shot by Taro Hirose.
14:10 of 1st period - Shot Hit the Post.
14:12 of 1st period - Slapshot by Alexander Alexeyev.
14:12 of 1st period - Stopped by Tristan Jarry without a rebound.
14:13 of 1st period - Lucas Wallmark wins face-off versus Nick Shore in Admirals zone.
14:39 of 1st period - Evan Bouchard is hit by Jack Quinn and loses puck.
15:04 of 1st period - Wrist shot by Kasper Bjorkqvist.
15:04 of 1st period - Shot Blocked by Pontus Holmberg.
15:25 of 1st period - Jordan Spence is hit by Hunter Shinkaruk and loses puck.
15:44 of 1st period - Snap shot by Ian Mitchell.
15:44 of 1st period - Stopped by Jaxson Stauber with a rebound.
16:09 of 1st period - Minor Penalty to Evan Bouchard for Tripping.
16:10 of 1st period - Nick Shore wins face-off versus Lucas Wallmark in Condors zone.
16:22 of 1st period - Slapshot by Lucas Wallmark.
16:22 of 1st period - Shot Blocked by Jordan Subban.
16:24 of 1st period - Slapshot by Ian Mitchell.
16:24 of 1st period - Deflect By Lucas Wallmark.
16:24 of 1st period - Stopped by Jaxson Stauber without a rebound.
16:25 of 1st period - Lucas Wallmark wins face-off versus Nick Shore in Condors zone.
16:36 of 1st period - Slapshot by Reilly Walsh.
16:36 of 1st period - Stopped by Jaxson Stauber with a rebound.
16:38 of 1st period - Slapshot by Olli Juolevi.
16:38 of 1st period - Shot Blocked by Nick Shore.
16:40 of 1st period - Snap shot by Hunter Shinkaruk.
16:40 of 1st period - Shot Misses the Net.
18:09 of 1st period - Penalty to Evan Bouchard is over, Evan Bouchard is back on ice.
18:18 of 1st period - Icing by Remi Elie.
18:19 of 1st period - Colin White wins face-off versus Filip Chlapik in Condors zone.
18:30 of 1st period - Wrist shot by Remi Elie.
18:30 of 1st period - Deflect By Tobias Bjornfot.
18:30 of 1st period - Goal by Remi Elie - Admirals : 0 - Condors : 1.
18:31 of 1st period - Nick Shore wins face-off versus Hunter Shinkaruk in neutral zone.
18:34 of 1st period - Slapshot by Alexander Alexeyev.
18:34 of 1st period - Shot Blocked by Joel Armia.
18:40 of 1st period - Wrist shot by Lucas Wallmark.
18:40 of 1st period - Shot Blocked by Nick Shore.
18:42 of 1st period - Wrist shot by Joel Armia.
18:42 of 1st period - Stopped by Jaxson Stauber without a rebound.
18:43 of 1st period - Nick Shore wins face-off versus Hunter Shinkaruk in Condors zone.
18:43 of 1st period - Nick Shore is hit by Olli Juolevi.
18:49 of 1st period - Wrist shot by Nick Shore.
18:49 of 1st period - Shot Misses the Net.
19:27 of 1st period - Snap shot by Pontus Holmberg.
19:27 of 1st period - Deflect By Remi Elie.
19:27 of 1st period - Shot Hit the Post.
19:27 of 1st period - Puck is out of play.
19:28 of 1st period - Colin White wins face-off versus Filip Chlapik in Admirals zone.
19:37 of 1st period - Backhand shot by Remi Elie.
19:37 of 1st period - Shot Misses the Net.
Goals for this period are 0 for Admirals vs 1 for Condors.
Shots for this period are 19 for Admirals vs 7 for Condors.
2nd period
0:01 of 2nd period - Nick Shore wins face-off versus Lucas Wallmark in neutral zone.
0:38 of 2nd period - Wrist shot by Martin Frk.
0:38 of 2nd period - Shot Misses the Net.
0:40 of 2nd period - Slapshot by Klim Kostin.
0:40 of 2nd period - Shot Misses the Net.
0:42 of 2nd period - Wrist shot by Nick Shore.
0:42 of 2nd period - Stopped by Tristan Jarry with a rebound.
0:44 of 2nd period - Wrist shot by Klim Kostin.
0:44 of 2nd period - Stopped by Tristan Jarry without a rebound.
0:45 of 2nd period - Ryan McLeod wins face-off versus Lucas Wallmark in Admirals zone.
0:48 of 2nd period - Wrist shot by Ryan McLeod.
0:48 of 2nd period - Shot Misses the Net.
0:50 of 2nd period - Slapshot by Taro Hirose.
0:50 of 2nd period - Deflect By Ian Mitchell.
0:50 of 2nd period - Stopped by Tristan Jarry with a rebound.
0:52 of 2nd period - Wrist shot by Taro Hirose.
0:52 of 2nd period - Shot Misses the Net.
0:54 of 2nd period - Wrist shot by Ryan McLeod.
0:54 of 2nd period - Stopped by Tristan Jarry with a rebound.
0:56 of 2nd period - Wrist shot by Taro Hirose.
0:56 of 2nd period - Stopped by Tristan Jarry without a rebound.
0:57 of 2nd period - Ryan McLeod wins face-off versus Lucas Wallmark in Admirals zone.
1:08 of 2nd period - Wrist shot by Joel Armia.
1:08 of 2nd period - Shot Blocked by Taro Hirose.
1:10 of 2nd period - Slapshot by Sean Durzi.
1:10 of 2nd period - Stopped by Jaxson Stauber with a rebound.
1:12 of 2nd period - Snap shot by Hunter Shinkaruk.
1:12 of 2nd period - Shot Misses the Net.
2:08 of 2nd period - Icing by Dylan Holloway.
2:09 of 2nd period - Connor Hurley wins face-off versus Lucas Wallmark in Condors zone.
2:16 of 2nd period - Snap shot by Tyson Foerster.
2:16 of 2nd period - Stopped by Tristan Jarry without a rebound.
2:17 of 2nd period - Nick Shore wins face-off versus Lucas Wallmark in Admirals zone.
3:11 of 2nd period - Slapshot by Sean Durzi.
3:11 of 2nd period - Shot Blocked by Filip Kral.
3:13 of 2nd period - Slapshot by Sean Durzi.
3:13 of 2nd period - Stopped by Jaxson Stauber with a rebound.
3:15 of 2nd period - Snap shot by Ian Mitchell.
3:15 of 2nd period - Stopped by Jaxson Stauber without a rebound.
3:16 of 2nd period - Lucas Wallmark wins face-off versus Martin Frk in Condors zone.
3:41 of 2nd period - Olli Juolevi is hit by Alexander Alexeyev and loses puck.
3:48 of 2nd period - Wrist shot by Taro Hirose.
3:48 of 2nd period - Shot Misses the Net.
3:50 of 2nd period - Slapshot by Jordan Spence.
3:50 of 2nd period - Stopped by Tristan Jarry with a rebound.
3:52 of 2nd period - Slapshot by Gustav Olofsson.
3:52 of 2nd period - Stopped by Tristan Jarry with a rebound.
3:54 of 2nd period - Snap shot by Cody Glass.
3:54 of 2nd period - Shot Misses the Net.
4:04 of 2nd period - Filip Chlapik is hit by Gustav Olofsson and loses puck.
4:09 of 2nd period - Snap shot by Pontus Holmberg.
4:09 of 2nd period - Stopped by Tristan Jarry with a rebound.
4:11 of 2nd period - Snap shot by Colin White.
4:11 of 2nd period - Shot Blocked by Milos Kelemen.
4:49 of 2nd period - Evan Bouchard is hit by Hunter Shinkaruk and loses puck.
5:52 of 2nd period - Snap shot by Evan Bouchard.
5:52 of 2nd period - Shot Blocked by Ian Mitchell.
5:54 of 2nd period - Wrist shot by Connor Hurley.
5:54 of 2nd period - Shot Blocked by Sean Durzi.
5:56 of 2nd period - Wrist shot by Connor Hurley.
5:56 of 2nd period - Stopped by Tristan Jarry without a rebound.
5:57 of 2nd period - Nick Shore wins face-off versus Lucas Wallmark in Admirals zone.
6:15 of 2nd period - Off-side.
6:16 of 2nd period - Ryan McLeod wins face-off versus Josh Norris in neutral zone.
6:20 of 2nd period - Minor Penalty to Tobias Bjornfot for Tripping.
6:21 of 2nd period - Nick Shore wins face-off versus Joel Armia in Admirals zone.
6:29 of 2nd period - Snap shot by Reilly Walsh.
6:29 of 2nd period - Deflect By Hunter Shinkaruk.
6:29 of 2nd period - Shot Misses the Net.
6:29 of 2nd period - Puck is out of play.
6:30 of 2nd period - Martin Frk wins face-off versus Joel Armia in Condors zone.
8:20 of 2nd period - Penalty to Tobias Bjornfot is over, Tobias Bjornfot is back on ice.
8:27 of 2nd period - Tobias Bjornfot is hit by Gustav Olofsson and loses puck.
8:48 of 2nd period - Snap shot by Connor Hurley.
8:48 of 2nd period - Shot Blocked by Tobias Bjornfot.
8:56 of 2nd period - Snap shot by Tyson Foerster.
8:56 of 2nd period - Goal by Tyson Foerster - Admirals : 0 - Condors : 2.
8:57 of 2nd period - Ryan McLeod wins face-off versus Lucas Wallmark in neutral zone.
9:26 of 2nd period - Off-side.
9:27 of 2nd period - Josh Norris wins face-off versus Nick Shore in neutral zone.
9:32 of 2nd period - Wrist shot by Pavol Regenda.
9:32 of 2nd period - Shot Blocked by Evan Bouchard.
9:52 of 2nd period - Sean Durzi is hit by Klim Kostin and loses puck.
10:01 of 2nd period - Backhand shot by Sean Durzi.
10:01 of 2nd period - Deflect By Kasper Bjorkqvist.
10:01 of 2nd period - Shot Misses the Net.
10:01 of 2nd period - Puck is out of play.
10:02 of 2nd period - Ryan McLeod wins face-off versus Lucas Wallmark in Condors zone.
10:07 of 2nd period - Joel Armia is hit by Cody Glass and loses puck.
10:18 of 2nd period - Snap shot by Cody Glass.
10:18 of 2nd period - Shot Misses the Net.
10:28 of 2nd period - Jordan Spence is hit by Filip Chlapik and loses puck.
11:03 of 2nd period - Slapshot by Remi Elie.
11:03 of 2nd period - Stopped by Tristan Jarry without a rebound.
11:04 of 2nd period - Nick Shore wins face-off versus Lucas Wallmark in Admirals zone.
11:14 of 2nd period - Minor Penalty to Martin Frk for Delaying the game.
11:15 of 2nd period - Lucas Wallmark wins face-off versus Nick Shore in Condors zone.
12:21 of 2nd period - Slapshot by Dylan Holloway.
12:21 of 2nd period - Stopped by Tristan Jarry with a rebound.
13:14 of 2nd period - Penalty to Martin Frk is over, Martin Frk is back on ice.
13:25 of 2nd period - Icing by Ian Mitchell.
13:26 of 2nd period - Colin White wins face-off versus Mark Kastelic in Admirals zone.
13:43 of 2nd period - Slapshot by Sean Durzi.
13:43 of 2nd period - Stopped by Jaxson Stauber without a rebound.
13:44 of 2nd period - Nick Shore wins face-off versus Lucas Wallmark in Condors zone.
14:09 of 2nd period - Kasper Bjorkqvist is hit by Alexander Alexeyev.
14:31 of 2nd period - Snap shot by Jack Quinn.
14:31 of 2nd period - Shot Misses the Net.
14:33 of 2nd period - Snap shot by Filip Chlapik.
14:33 of 2nd period - Shot Misses the Net.
14:35 of 2nd period - Wrist shot by Sean Durzi.
14:35 of 2nd period - Stopped by Jaxson Stauber with a rebound.
14:37 of 2nd period - Slapshot by Sean Durzi.
14:37 of 2nd period - Stopped by Jaxson Stauber with a rebound.
14:39 of 2nd period - Slapshot by Ian Mitchell.
14:39 of 2nd period - Shot Misses the Net.
15:25 of 2nd period - Nick Shore is hit by Lucas Wallmark and loses puck.
15:38 of 2nd period - Slapshot by Tobias Bjornfot.
15:38 of 2nd period - Goal by Tobias Bjornfot - Admirals : 1 - Condors : 2.
15:39 of 2nd period - Nick Shore wins face-off versus Lucas Wallmark in neutral zone.
15:46 of 2nd period - Snap shot by Nick Shore.
15:46 of 2nd period - Shot Misses the Net.
15:48 of 2nd period - Wrist shot by Nick Shore.
15:48 of 2nd period - Stopped by Tristan Jarry without a rebound.
15:49 of 2nd period - Hunter Shinkaruk wins face-off versus Nick Shore in Admirals zone.
16:32 of 2nd period - Wrist shot by Martin Frk.
16:32 of 2nd period - Stopped by Tristan Jarry without a rebound.
16:33 of 2nd period - Ryan McLeod wins face-off versus Josh Norris in Admirals zone.
16:36 of 2nd period - Slapshot by Cody Glass.
16:36 of 2nd period - Shot Misses the Net.
16:38 of 2nd period - Wrist shot by Taro Hirose.
16:38 of 2nd period - Stopped by Tristan Jarry without a rebound.
16:39 of 2nd period - Ryan McLeod wins face-off versus Josh Norris in Admirals zone.
17:38 of 2nd period - Minor Penalty to Klim Kostin for Slashing.
17:39 of 2nd period - Nick Shore wins face-off versus Lucas Wallmark in Condors zone.
18:11 of 2nd period - Snap shot by Kasper Bjorkqvist.
18:11 of 2nd period - Shot Misses the Net.
18:13 of 2nd period - Slapshot by Reilly Walsh.
18:13 of 2nd period - Stopped by Jaxson Stauber without a rebound.
18:14 of 2nd period - Nick Shore wins face-off versus Josh Norris in Condors zone.
18:27 of 2nd period - Wrist shot by Kasper Bjorkqvist.
18:27 of 2nd period - Deflect By Pavol Regenda.
18:27 of 2nd period - Shot Misses the Net.
18:27 of 2nd period - Puck is out of play.
18:28 of 2nd period - Nick Shore wins face-off versus Lucas Wallmark in Condors zone.
18:39 of 2nd period - Wrist shot by Joel Armia.
18:39 of 2nd period - Shot Misses the Net.
19:38 of 2nd period - Penalty to Klim Kostin is over, Klim Kostin is back on ice.
19:48 of 2nd period - Off-side.
19:49 of 2nd period - Colin White wins face-off versus Filip Chlapik in neutral zone.
Goals for this period are 1 for Admirals vs 1 for Condors.
Shots for this period are 8 for Admirals vs 16 for Condors.
3rd period
0:01 of 3rd period - Lucas Wallmark wins face-off versus Nick Shore in neutral zone.
0:26 of 3rd period - Snap shot by Kasper Bjorkqvist.
0:26 of 3rd period - Shot Blocked by Evan Bouchard.
0:28 of 3rd period - Snap shot by Tobias Bjornfot.
0:28 of 3rd period - Stopped by Jaxson Stauber without a rebound.
0:29 of 3rd period - Josh Norris wins face-off versus Cody Glass in Condors zone.
0:51 of 3rd period - Wrist shot by Ryan McLeod.
0:51 of 3rd period - Shot Blocked by Josh Norris.
1:41 of 3rd period - Wrist shot by Pavol Regenda.
1:41 of 3rd period - Stopped by Jaxson Stauber without a rebound.
1:42 of 3rd period - Lucas Wallmark wins face-off versus Nick Shore in Condors zone.
1:43 of 3rd period - Snap shot by Joel Armia.
1:43 of 3rd period - Stopped by Jaxson Stauber with a rebound.
2:14 of 3rd period - Icing by Reilly Walsh.
2:15 of 3rd period - Colin White wins face-off versus Filip Chlapik in Admirals zone.
2:43 of 3rd period - Off-side.
2:44 of 3rd period - Lucas Wallmark wins face-off versus Nick Shore in neutral zone.
2:57 of 3rd period - Sean Durzi is hit by Klim Kostin and loses puck.
3:10 of 3rd period - Wrist shot by Dylan Holloway.
3:10 of 3rd period - Stopped by Tristan Jarry with a rebound.
3:18 of 3rd period - Wrist shot by Connor Hurley.
3:18 of 3rd period - Shot Blocked by Ian Mitchell.
3:20 of 3rd period - Wrist shot by Dylan Holloway.
3:20 of 3rd period - Stopped by Tristan Jarry without a rebound.
3:21 of 3rd period - Kasper Bjorkqvist wins face-off versus Nick Shore in Admirals zone.
3:32 of 3rd period - Wrist shot by Martin Frk.
3:32 of 3rd period - Stopped by Tristan Jarry without a rebound.
3:33 of 3rd period - Nick Shore wins face-off versus Lucas Wallmark in Admirals zone.
3:34 of 3rd period - Snap shot by Martin Frk.
3:34 of 3rd period - Goal by Martin Frk - Admirals : 1 - Condors : 3.
3:35 of 3rd period - Martin Frk wins face-off versus Lucas Wallmark in neutral zone.
3:38 of 3rd period - Snap shot by Nick Shore.
3:38 of 3rd period - Shot Misses the Net.
3:58 of 3rd period - Martin Frk is hit by Reilly Walsh and loses puck.
4:09 of 3rd period - Wrist shot by Nick Shore.
4:09 of 3rd period - Stopped by Tristan Jarry without a rebound.
4:10 of 3rd period - Ryan McLeod wins face-off versus Josh Norris in Admirals zone.
4:43 of 3rd period - Snap shot by Filip Chlapik.
4:43 of 3rd period - Shot Misses the Net.
4:51 of 3rd period - Filip Chlapik is hit by Pontus Holmberg and loses puck.
5:27 of 3rd period - Snap shot by Jack Quinn.
5:27 of 3rd period - Shot Hit the Post.
5:29 of 3rd period - Backhand shot by Ian Mitchell.
5:29 of 3rd period - Shot Misses the Net.
5:31 of 3rd period - Wrist shot by Jack Quinn.
5:31 of 3rd period - Shot Misses the Net.
5:33 of 3rd period - Snap shot by Ian Mitchell.
5:33 of 3rd period - Stopped by Jaxson Stauber without a rebound.
5:34 of 3rd period - Nick Shore wins face-off versus Lucas Wallmark in Condors zone.
5:34 of 3rd period - Nick Shore is hit by Hunter Shinkaruk.
5:46 of 3rd period - Hunter Shinkaruk is hit by Klim Kostin and loses puck.
6:01 of 3rd period - Reilly Walsh is hit by Ryan McLeod and loses puck.
6:06 of 3rd period - Snap shot by Cody Glass.
6:06 of 3rd period - Goal by Cody Glass - Admirals : 1 - Condors : 4.
6:07 of 3rd period - Lucas Wallmark wins face-off versus Nick Shore in neutral zone.
6:16 of 3rd period - Snap shot by Joel Armia.
6:16 of 3rd period - Stopped by Jaxson Stauber without a rebound.
6:17 of 3rd period - Lucas Wallmark wins face-off versus Nick Shore in Condors zone.
6:28 of 3rd period - Snap shot by Joel Armia.
6:28 of 3rd period - Stopped by Jaxson Stauber with a rebound.
6:30 of 3rd period - Wrist shot by Olli Juolevi.
6:30 of 3rd period - Shot Blocked by Alexander Alexeyev.
6:32 of 3rd period - Slapshot by Olli Juolevi.
6:32 of 3rd period - Shot Blocked by Alexander Alexeyev.
6:41 of 3rd period - Slapshot by Olli Juolevi.
6:41 of 3rd period - Stopped by Jaxson Stauber with a rebound.
6:43 of 3rd period - Slapshot by Joel Armia.
6:43 of 3rd period - Shot Misses the Net.
7:06 of 3rd period - Minor Penalty to Evan Bouchard for Hooking.
7:07 of 3rd period - Josh Norris wins face-off versus Ryan McLeod in Condors zone.
7:07 of 3rd period - Snap shot by Kasper Bjorkqvist.
7:07 of 3rd period - Deflect By Jordan Spence.
7:07 of 3rd period - Stopped by Jaxson Stauber without a rebound.
7:08 of 3rd period - Ryan McLeod wins face-off versus Josh Norris in Condors zone.
9:06 of 3rd period - Penalty to Evan Bouchard is over, Evan Bouchard is back on ice.
9:11 of 3rd period - Colin White is hit by Milos Kelemen and loses puck.
9:18 of 3rd period - Snap shot by Milos Kelemen.
9:18 of 3rd period - Stopped by Jaxson Stauber with a rebound.
9:36 of 3rd period - Slapshot by Remi Elie.
9:36 of 3rd period - Deflect By Pontus Holmberg.
9:36 of 3rd period - Shot Blocked by Ty Smilanic.
9:36 of 3rd period - Puck is out of play.
9:37 of 3rd period - Gage Goncalves wins face-off versus Pontus Holmberg in Admirals zone.
9:42 of 3rd period - Slapshot by Sean Durzi.
9:42 of 3rd period - Stopped by Jaxson Stauber with a rebound.
9:44 of 3rd period - Snap shot by Ty Smilanic.
9:44 of 3rd period - Goal by Ty Smilanic - Admirals : 2 - Condors : 4.
9:45 of 3rd period - Lucas Wallmark wins face-off versus Ryan McLeod in neutral zone.
9:58 of 3rd period - Slapshot by Evan Bouchard.
9:58 of 3rd period - Shot Misses the Net.
10:00 of 3rd period - Snap shot by Cody Glass.
10:00 of 3rd period - Stopped by Tristan Jarry with a rebound.
10:10 of 3rd period - Evan Bouchard is hit by Kasper Bjorkqvist and loses puck.
10:53 of 3rd period - Snap shot by Taro Hirose.
10:53 of 3rd period - Stopped by Tristan Jarry with a rebound.
10:55 of 3rd period - Slapshot by Jordan Spence.
10:55 of 3rd period - Deflect By Taro Hirose.
10:55 of 3rd period - Shot Blocked by Ty Smilanic.
10:55 of 3rd period - Puck is out of play.
10:56 of 3rd period - Ryan McLeod wins face-off versus Gage Goncalves in Admirals zone.
11:07 of 3rd period - Wrist shot by Cody Glass.
11:07 of 3rd period - Stopped by Tristan Jarry with a rebound.
11:09 of 3rd period - Slapshot by Jordan Spence.
11:09 of 3rd period - Stopped by Tristan Jarry with a rebound.
11:11 of 3rd period - Snap shot by Taro Hirose.
11:11 of 3rd period - Shot Blocked by Olli Juolevi.
11:21 of 3rd period - Olli Juolevi is hit by Klim Kostin and loses puck.
12:12 of 3rd period - Wrist shot by Cody Glass.
12:12 of 3rd period - Stopped by Tristan Jarry without a rebound.
12:13 of 3rd period - Ryan McLeod wins face-off versus Lucas Wallmark in Admirals zone.
13:05 of 3rd period - Jordan Spence is hit by Milos Kelemen and loses puck.
15:12 of 3rd period - Wrist shot by Lucas Wallmark.
15:12 of 3rd period - Stopped by Jaxson Stauber with a rebound.
16:06 of 3rd period - Icing by Pontus Holmberg.
16:07 of 3rd period - Lucas Wallmark wins face-off versus Colin White in Condors zone.
16:44 of 3rd period - Slapshot by Olli Juolevi.
16:44 of 3rd period - Shot Blocked by Nick Shore.
16:58 of 3rd period - Snap shot by Nick Shore.
16:58 of 3rd period - Goal by Nick Shore - Admirals : 2 - Condors : 5.
16:59 of 3rd period - Ryan McLeod wins face-off versus Lucas Wallmark in neutral zone.
18:09 of 3rd period - Snap shot by Gustav Olofsson.
18:09 of 3rd period - Shot Blocked by Olli Juolevi.
18:11 of 3rd period - Slapshot by Jordan Spence.
18:11 of 3rd period - Shot Blocked by Reilly Walsh.
18:13 of 3rd period - Slapshot by Gustav Olofsson.
18:13 of 3rd period - Stopped by Tristan Jarry without a rebound.
18:14 of 3rd period - Ryan McLeod wins face-off versus Lucas Wallmark in Admirals zone.
18:35 of 3rd period - Snap shot by Taro Hirose.
18:35 of 3rd period - Shot Blocked by Kasper Bjorkqvist.
18:37 of 3rd period - Slapshot by Evan Bouchard.
18:37 of 3rd period - Stopped by Tristan Jarry without a rebound.
18:38 of 3rd period - Martin Frk wins face-off versus Josh Norris in Admirals zone.
18:39 of 3rd period - Snap shot by Nick Shore.
18:39 of 3rd period - Shot Misses the Net.
18:45 of 3rd period - Slapshot by Nick Shore.
18:45 of 3rd period - Deflect By Martin Frk.
18:45 of 3rd period - Goal by Martin Frk - Admirals : 2 - Condors : 6.
18:46 of 3rd period - Nick Shore wins face-off versus Lucas Wallmark in neutral zone.
18:51 of 3rd period - Wrist shot by Martin Frk.
18:51 of 3rd period - Stopped by Tristan Jarry with a rebound.
19:58 of 3rd period - Lucas Wallmark is hit by Klim Kostin.
Goals for this period are 1 for Admirals vs 4 for Condors.
Shots for this period are 12 for Admirals vs 16 for Condors.